[ AOE2 MATCH · #504911900 ]
UnrankedGurjaras vs Berbers
Player's team · LOSS
Rival team · WIN
[ REPLAY ANALYSIS · EXTRACTED FROM THE RECORDED GAME ]
Feudal
8:53
Castle
—
Imperial
—
| APM avg | 67.6 |
| APM peak | 115 |
| eAPM avg | 21.7 |
| Villagers / military | 31 / 3 |
Focus
⚔️ 40.5% · 🌾 59.5%
Scout Cavalry ×3
Feudal
9:01
Castle
—
Imperial
—
| APM avg | 35.0 |
| APM peak | 60 |
| eAPM avg | 15.2 |
| Villagers / military | 36 / 0 |
Focus
⚔️ 35.0% · 🌾 65.0%
Match map
Initial resources + every placement click. Lines = walls · curves = elevation contours. ◆ gold · ⬟ stone · ● berries · ✦ relic · ◌ wall gap
Your base· Open — unwalled flank
EstebanVII's base· Open — unwalled flank
Smoothed initial terrain · ◌ = detected wall gap · hover for details
Inputs per minute
— AiM | Cronnos - - EstebanVII
Build order — AiM | Cronnos
54 actions detected in the replay
| 0:01 | Queue | Villager (Male) |
| 0:01 | Queue | Villager (Male) |
| 0:01 | Queue | Villager (Male) |
| 0:02 | Build | House |
| 0:03 | Build | House |
| 0:06 | Queue | Villager (Male) |
| 0:38 | Build | Mill |
| 1:40 | Queue | Villager (Male) |
| 1:40 | Queue | Villager (Male) |
| 2:03 | Queue | Villager (Male) |
| 2:03 | Queue | Villager (Male) |
| 2:30 | Queue | Villager (Male) |
| 2:49 | Queue | Villager (Male) |
| 3:23 | Queue | Villager (Male) |
| 3:48 | Queue | Villager (Male) |
| 3:48 | Queue | Villager (Male) |
| 3:53 | Build | House |
| 4:35 | Build | Lumber Camp |
| 4:37 | Queue | Villager (Male) |
| 5:01 | Queue | Villager (Male) |
| 5:28 | Queue | Villager (Male) |
| 5:39 | Queue | Villager (Male) |
| 5:40 | Research | Loom |
| 6:41 | Research | Feudal Age |
| 6:41 | Research | Feudal Age |
| 7:26 | Build | Barracks |
| 7:59 | Build | House |
| 8:53 | Age | Feudal Age |
| 8:57 | Build | Stable |
| 8:59 | Queue | Villager (Male) |
| 9:14 | Queue | Villager (Male) |
| 9:30 | Research | Double-Bit Axe |
| 9:34 | Build | House |
| 9:37 | Queue | Scout Cavalry |
| 9:37 | Queue | Scout Cavalry |
| 9:41 | Build | House |
| 9:51 | Queue | Villager (Male) |
| 10:09 | Build | Watch Tower |
| 10:15 | Queue | Villager (Male) |
| 10:25 | Build | Palisade Wall |
| 10:29 | Build | Palisade Wall |
| 10:30 | Build | Palisade Wall |
| 10:31 | Build | Palisade Wall |
| 10:36 | Queue | Villager (Male) |
| 10:45 | Queue | Villager (Male) |
| 10:53 | Queue | Villager (Male) |
| 11:12 | Queue | Scout Cavalry |
| 11:37 | Queue | Villager (Male) |
| 11:52 | Queue | Villager (Male) |
| 12:00 | Queue | Villager (Male) |
| 12:03 | Queue | Villager (Male) |
| 12:16 | Queue | Villager (Male) |
| 12:45 | Queue | Villager (Male) |
| 13:07 | Queue | Villager (Male) |
Build order — EstebanVII
77 actions detected in the replay
| 0:00 | Queue | Villager (Male) |
| 0:00 | Queue | Villager (Male) |
| 0:01 | Queue | Villager (Male) |
| 0:01 | Queue | Villager (Male) |
| 0:02 | Build | House |
| 0:04 | Build | House |
| 1:26 | Queue | Villager (Male) |
| 1:27 | Queue | Villager (Male) |
| 1:48 | Queue | Villager (Male) |
| 1:48 | Queue | Villager (Male) |
| 2:22 | Build | Lumber Camp |
| 2:30 | Queue | Villager (Male) |
| 2:30 | Queue | Villager (Male) |
| 2:30 | Queue | Villager (Male) |
| 3:08 | Build | House |
| 3:23 | Queue | Villager (Male) |
| 3:24 | Queue | Villager (Male) |
| 3:24 | Queue | Villager (Male) |
| 4:11 | Queue | Villager (Male) |
| 4:11 | Queue | Villager (Male) |
| 4:35 | Queue | Villager (Male) |
| 4:36 | Queue | Villager (Male) |
| 4:58 | Queue | Villager (Male) |
| 4:59 | Queue | Villager (Male) |
| 5:15 | Queue | Villager (Male) |
| 5:17 | Build | Mill |
| 6:25 | Research | Loom |
| 6:51 | Research | Feudal Age |
| 7:12 | Queue | Villager (Male) |
| 7:32 | Build | Mining Camp |
| 8:15 | Build | House |
| 9:01 | Age | Feudal Age |
| 9:02 | Research | Double-Bit Axe |
| 9:02 | Research | Double-Bit Axe |
| 9:05 | Build | Watch Tower |
| 9:08 | Queue | Villager (Male) |
| 9:22 | Build | Palisade Wall |
| 9:25 | Build | Palisade Wall |
| 9:27 | Build | Palisade Wall |
| 9:29 | Build | Palisade Wall |
| 9:30 | Build | Palisade Wall |
| 9:33 | Build | Palisade Wall |
| 9:38 | Build | Watch Tower |
| 9:40 | Queue | Villager (Male) |
| 9:55 | Queue | Villager (Male) |
| 9:55 | Queue | Villager (Male) |
| 10:09 | Build | House |
| 10:11 | Build | Palisade Wall |
| 10:11 | Build | Palisade Wall |
| 10:12 | Build | Palisade Wall |
| 10:12 | Build | Palisade Wall |
| 10:16 | Queue | Villager (Male) |
| 10:44 | Build | House |
| 10:47 | Queue | Villager (Male) |
| 11:04 | Build | Watch Tower |
| 11:19 | Build | Palisade Wall |
| 11:25 | Build | Palisade Wall |
| 11:27 | Build | Palisade Wall |
| 11:28 | Build | Palisade Wall |
| 11:29 | Build | Palisade Wall |
| 11:33 | Build | Palisade Wall |
| 11:46 | Queue | Villager (Male) |
| 11:47 | Queue | Villager (Male) |
| 12:02 | Queue | Villager (Male) |
| 12:02 | Queue | Villager (Male) |
| 12:14 | Build | Watch Tower |
| 12:41 | Queue | Villager (Male) |
| 13:14 | Build | Watch Tower |
| 13:15 | Queue | Villager (Male) |
| 13:15 | Queue | Villager (Male) |
| 13:18 | Build | Farm |
| 13:41 | Queue | Villager (Male) |
| 13:45 | Build | Palisade Wall |
| 13:47 | Build | Palisade Wall |
| 13:48 | Build | Palisade Wall |
| 13:50 | Build | Palisade Wall |
| 13:51 | Build | Palisade Wall |
Match timeline
| 7:26 | AiM | Cronnos · first_building Barracks |
| 8:53 | AiM | Cronnos · age_up feudal |
| 8:57 | AiM | Cronnos · first_building Stable |
| 9:01 | EstebanVII · age_up feudal |
| 9:22 | EstebanVII · wall_segment Palisade Wall x1 |
| 9:25 | EstebanVII · wall_segment Palisade Wall x1 |
| 9:27 | EstebanVII · wall_segment Palisade Wall x1 |
| 9:29 | EstebanVII · wall_segment Palisade Wall x1 |
| 9:30 | EstebanVII · wall_segment Palisade Wall x1 |
| 9:33 | EstebanVII · wall_segment Palisade Wall x1 |
| 10:11 | EstebanVII · wall_segment Palisade Wall x1 |
| 10:11 | EstebanVII · wall_segment Palisade Wall x1 |
| 10:12 | EstebanVII · wall_segment Palisade Wall x2 |
| 10:12 | EstebanVII · wall_segment Palisade Wall x1 |
| 10:25 | AiM | Cronnos · wall_segment Palisade Wall x1 |
| 10:29 | AiM | Cronnos · wall_segment Palisade Wall x1 |
| 10:30 | AiM | Cronnos · wall_segment Palisade Wall x1 |
| 10:31 | AiM | Cronnos · wall_segment Palisade Wall x1 |
| 11:19 | EstebanVII · wall_segment Palisade Wall x1 |
| 11:25 | EstebanVII · wall_segment Palisade Wall x1 |
| 11:27 | EstebanVII · wall_segment Palisade Wall x1 |
| 11:28 | EstebanVII · wall_segment Palisade Wall x1 |
| 11:29 | EstebanVII · wall_segment Palisade Wall x1 |
| 11:33 | EstebanVII · wall_segment Palisade Wall x1 |
| 13:45 | EstebanVII · wall_segment Palisade Wall x1 |
| 13:47 | EstebanVII · wall_segment Palisade Wall x1 |
| 13:48 | EstebanVII · wall_segment Palisade Wall x1 |
| 13:50 | EstebanVII · wall_segment Palisade Wall x1 |
| 13:51 | EstebanVII · wall_segment Palisade Wall x1 |
| 13:52 | AiM | Cronnos · resign |
[ AI ANALYSIS · 1 CREDIT ]
What really happened in this match?
Wolo.gg analyzes every decision: build order, eco, micro, common mistakes by bracket. Personalized analysis on WhatsApp or Discord in 30 seconds.
Civ guide
Gurjaras
Perfil
Jugador #2945876